Map: Chain of Ascension

Players

ViS

  • Race: Zerg Zerg

AznHopeful

  • Race: Terran Terran
  • Spawn Location: 11:00

VOD

Have the link to the VOD?

Description

Time

  • Played on: Jan. 20, 2018, 11:04 p.m.
  • Length: 18:26
Show
View Real Time Build Order
Export as new Build Order

ViS Zerg 

Build Orders:  

Get SALT Encoding   

  18  0:03  Primal Drone  
  19  0:13  Primal Drone  
  19  0:19  Primal Drone  
  21  0:28  Extractor  
  21  0:49  Primal Warden  
  22  0:54  Primal Drone  
  23  1:00  Primal Drone  
  24  1:10  Primal Drone  
  24  1:14  Primal Drone  
  26  1:26  Primal Drone  
  27  1:31  Extractor  
  27  1:48  Primal Drone  
  28  1:57  Glevig's Den  
  27  2:28  Primal Drone x3  
  30  2:54  Primal Drone  
  31  3:01  Primal Hive  
  36  3:13  Primal Drone x2  
  38  3:48  Primal Drone x2  
  40  3:55  Murvar's Den  
  39  4:06  Primal Drone  
  40  4:24  Primal Drone  
  40  4:25  Primal Attacks Level 1  
  42  4:33  Primal Drone  
  42  4:35  Primal Warden  
  43  4:44  Primal Warden  
  43  5:07  Primal Drone x2  
  45  5:12  Primal Drone  
  45  5:13  Primal Drone x4  
  50  5:23  Primal Drone  
  50  5:29  Primal Hive  
  51  6:07  Primal Reconstitution  
  50  6:11  Dakrun's Den  
  49  6:23  Primal Hydralisk x3  
  49  6:26  Primal Drone  
  49  6:27  Primal Drone x3  
  59  6:33  Extractor x2  
  59  6:34  Primal Drone x5  
  64  6:51  Primal Drone x2  
  66  7:45  Primal Hydralisk x3  
  66  7:46  Primal Hydralisk  
  66  7:48  Primal Mutalisk  
  71  7:59  Primal Hydralisk  
  73  8:01  Primal Attacks Level 2, Primal Drone x3  
  73  8:02  Primal Drone x4  
  73  8:03  Primal Drone x2  
  73  8:06  Slicing Glave  
  82  8:25  Primal Drone x2  
  82  8:29  Primal Mutalisk x2  
  82  8:46  Primal Drone x2  
  82  8:47  Primal Drone  
  82  8:48  Primal Hydralisk x2  
  82  8:49  Primal Hydralisk  
  91  8:54  Primal Hydralisk x2  
  91  8:55  Primal Hydralisk x2  
  100  9:02  Primal Drone x2  
  102  9:11  Primal Hydralisk x2  
  102  9:13  Primal Warden  
  106  9:25  Primal Mutalisk  
  106  9:29  Primal Mutalisk  
  102  9:31  Primal Mutalisk  
  102  9:37  Primal Drone x3  
  102  9:58  Primal Hydralisk x3  
  102  9:59  Primal Hydralisk x3  
  114  10:07  Primal Drone x3  
  114  10:08  Primal Hydralisk, Primal Mutalisk  
  118  10:32  Primal Hydralisk x2  
  118  10:33  Primal Hydralisk  
  118  10:34  Primal Mutalisk  
  118  10:35  Primal Mutalisk  
  122  10:57  Primal Mutalisk  
  121  11:01  Primal Mutalisk  
  121  11:04  Primal Hydralisk x2  
  121  11:06  Primal Hydralisk  
  126  11:43  Primal Drone  
  126  11:45  Primal Attacks Level 3  
  126  11:49  Primal Mutalisk x2  
  125  11:52  Primal Hydralisk  
  127  12:17  Primal Hydralisk x4  
  135  12:42  Primal Mutalisk  
  134  13:18  Primal Mutalisk  
  134  13:19  Primal Mutalisk  
  132  13:50  Primal Drone x2  
  132  13:51  Shifting Carapace  
  132  13:52  Primal Carapace Level 1  
  132  13:54  Primal Hydralisk x4  
  132  13:55  Primal Hydralisk x2  
  139  14:15  Primal Hydralisk x4  
  147  15:14  Primal Hydralisk  
  147  15:15  Primal Hydralisk x5  
  147  15:17  Primal Mutalisk x3  
  147  15:19  Primal Mutalisk  
  151  15:35  Primal Hydralisk  
  151  15:36  Primal Hydralisk x3  
  159  16:20  Primal Hydralisk x3  
  159  16:21  Primal Hydralisk x3  
  159  16:22  Primal Mutalisk x2  
  159  16:28  Primal Mutalisk  
  159  16:29  Primal Mutalisk  
  167  16:41  Primal Hydralisk x2  
  171  17:41  Primal Mutalisk x3  
  171  17:44  Primal Mutalisk  
Show
View Real Time Build Order
Export as new Build Order

AznHopeful Terran 

Build Orders:  

Get SALT Encoding   

  11  0:35  SCV  
  12  0:40  Barracks  
  12  0:52  SCV  
  13  1:09  SCV  
  14  1:48  Command Center  
  14  2:06  Orbital Command  
  14  2:17  Command Center  
  14  3:45  SCV  
  15  4:02  SCV  
  16  4:19  SCV  
  17  4:36  SCV  
  18  4:53  SCV  
  19  6:28  Orbital Command  
  19  6:29  SCV  
  20  6:46  SCV  
  21  7:02  SCV  
  22  7:19  SCV  
  23  7:36  SCV  
  23  7:39  SCV  
  25  7:53  SCV  
  25  7:56  SCV  
  27  8:10  SCV  
  27  8:12  SCV  
  29  8:27  SCV  
Tags
 
Add a new tag
Caveats
  • Supply blocks, unpowered buildings, or Contaminate may cause inaccurate times.
  • Supply counts are checked every 10 seconds.